 Dungeon Crawl Stone Soup version 0.29.1-13-g9f3cf754e1 (webtiles) character file.

Game seed: 5578272834085445732

194 Heoruswealwe the Grave Robber (level 5, -4/28 HPs)
             Began as a Deep Elf Necromancer on Feb 2, 2023.
             Killed by nerve-wracking pain
             ... invoked by an orc priest
              (10 damage)
             ... on level 4 of the Dungeon.
             The game lasted 00:29:01 (2321 turns).

Heoruswealwe the Grave Robber (DENe)                Turns: 2321, Time: 00:29:02

Health: -4/28      AC:  3    Str:  5    XL:     5   Next: 44%
Magic:  9/14       EV: 12    Int: 22    God:
Gold:   166        SH:  0    Dex: 15    Spells: 10/14 levels left

rFire   . . .      SeeInvis .   v - +1 dagger (protect)
rCold   . . .      Faith    .   (no shield)
rNeg    . . .      Spirit   .   a - +0 robe
rPois   .          Reflect  .   (no helmet)
rElec   .          Harm     .   w - +0 cloak
rCorr   .          Rampage  .   (no gloves)
Will    .....                   (no boots)
Stlth   ++........              (no amulet)
HPRegen 0.09/turn               (no ring)
MPRegen 0.14/turn               (no ring)

@: no status effects
A: no striking features
a: no special abilities


You were on level 4 of the Dungeon.
You visited 1 branch of the dungeon, and saw 4 of its levels.

You collected 166 gold pieces.

Inventory:

Hand Weapons
 c - a +0 spear
 f - a +0 dagger
 j - a +0 dagger
 l - a +0 club
 m - a +0 whip
 p - a +0 club
 v - a +1 dagger of protection (weapon)
 y - a +0 trident
 A - a +0 club
 C - a +0 short sword
 E - a +0 sling
 F - a +0 dagger
 I - a +0 dagger
 L - a +0 dagger
 N - a +0 dagger
Missiles
 e - 24 stones
 x - 6 boomerangs
 D - 4 atropa-tipped darts
 J - 3 poisoned darts
Armour
 a - a +0 robe (worn)
 w - a +0 cloak (worn)
 K - a +0 chain mail
Jewellery
 G - a ring of positive energy
Scrolls
 d - 3 scrolls of teleportation {unknown}
 g - a scroll of fear {unknown}
 i - a scroll of brand weapon {unknown}
 n - a scroll of immolation {unknown}
 o - a scroll of butterflies {unknown}
 s - a scroll of identify {unknown}
 t - a scroll of noise {unknown}
 u - a scroll of blinking {unknown}
 z - a scroll of enchant armour {unknown}
 B - a scroll of amnesia {unknown}
Potions
 b - a potion of magic
 h - 2 potions of cancellation {unknown}
 k - 3 potions of curing {unknown}
 q - 3 potions of brilliance {unknown}
 r - a potion of ambrosia {unknown}
 H - a potion of might {unknown}
 M - a potion of heal wounds {unknown}


   Skills:
 + Level 0.1 Short Blades
 + Level 2.5 Dodging
 + Level 2.6 Stealth
 + Level 5.0 Spellcasting
 + Level 7.1 Necromancy


You had 10 spell levels left.
You knew the following spells:

 Your Spells              Type           Power      Damage    Failure   Level
a - Necrotise             Necr           100%       1d9       1%          1
b - Vampiric Draining     Necr           36%        2d8       1%          3

Your spell library contained the following spells:

 Spells                   Type           Power      Damage    Failure   Level
 Animate Dead             Necr           36%        N/A       5%          4
 Agony                    Necr           36%        N/A       16%         5
 Ignite Poison            Fire/Tmut/Pois 5%         N/A       30%         3
 Inner Flame              Hex/Fire       5%         N/A       30%         3
 Mephitic Cloud           Conj/Pois/Air  5%         N/A       30%         3
 Cause Fear               Hex            2%         N/A       69%         4
 Freezing Cloud           Conj/Ice/Air   2%         6-21      95%         5
 Discord                  Hex            2%         N/A       100%        8


Dungeon Overview and Level Annotations

Branches:
Dungeon (4/15)
 Temple: D:4-7

Altars:


Message History

Your ball python skeleton is destroyed!
Casting: Necrotise (safe; 1% risk of failure)
Confirm with . or Enter, or press ? or * to list all spells.
Aiming: Necrotise (safe; 1% risk of failure)
Press: ? - help, Shift-Dir - straight line, f/p - orc wizard
Aim: an orc wizard, wielding a +0 dagger and wearing a +0 robe (heavily wounded, chance to affect: 83%)
The orc wizard barely resists.
Casting: Necrotise (safe; 1% risk of failure)
Confirm with . or Enter, or press ? or * to list all spells.
Aiming: Necrotise (safe; 1% risk of failure)
Press: ? - help, Shift-Dir - straight line, f/p - orc wizard
Aim: an orc wizard, wielding a +0 dagger and wearing a +0 robe (heavily wounded, chance to affect: 83%)
The orc wizard writhes in agony.
The orc priest calls upon Beogh to heal the orc.
The orc's wounds heal themselves!
Casting: Necrotise (safe; 1% risk of failure)
Confirm with . or Enter, or press ? or * to list all spells.
Aiming: Necrotise (safe; 1% risk of failure)
Press: ? - help, Shift-Dir - straight line, f/p - orc wizard
Aim: an orc wizard, wielding a +0 dagger and wearing a +0 robe (severely wounded, chance to affect: 83%)
The orc wizard writhes in agony!
You kill the orc wizard!
The dead are walking!
Your Necromancy skill increases to level 7!
The orc priest calls down the wrath of Beogh upon you.
Beogh smites you!
Ouch! That really hurt!
* * * LOW HITPOINT WARNING * * *
The orc wizard gestures wildly while chanting.
The orc wizard flickers and vanishes!
Deactivating autopickup; reactivate with Ctrl-A.
Your orc wizard skeleton barely misses the orc.
The orc priest attacks as you move away!
The orc priest hits you with a +0 whip.
* * * LOW HITPOINT WARNING * * *
The orc priest invokes the aid of Beogh against you.
You struggle to resist.
The orc priest calls down the wrath of Beogh upon you.
Pain shoots through your body!
You die...

##......## #.#
.. ##..<...).##
#..# ##.#
...........##..#
##..#
.......###....#
##.<# .....##
##Z.## ##..##
.... ##oo##
#..## ... #....#
###.## ..
#..##.###..## .
#..# ##@...##
#.## #...## #..
##..# #.. #...#
#. #.###. #.# #.
## #. .# #


You could see an orc priest, an orc (ally target) and a friendly orc wizard
skeleton.

Vanquished Creatures
  A scorpion (D:2)
  An orc wizard (D:4)
  5 adders
  A worm (D:2)
  5 bats
  9 endoplasms
  7 goblins
  3 hobgoblins (D:1)
  4 jackals (D:3)
  4 kobolds
  7 ball pythons
  2 frilled lizards
  7 rats
56 creatures vanquished.

Vanquished Creatures (collateral kills)
  A worm (D:2)
  2 bats
3 creatures vanquished.

Vanquished Creatures (others)
  A fungus (D:2)
  3 plants (D:2)
4 creatures vanquished.

Grand Total: 63 creatures vanquished

Notes
Turn   | Place    | Note
-------+----------+-------------------------------------------
     0 | D:1      | Heoruswealwe the Deep Elf Necromancer began the quest for
                  | the Orb.
     0 | D:1      | Reached XP level 1. HP: 10/10 MP: 6/6
    53 | D:1      | Reached skill level 5 in Necromancy
   155 | D:1      | Reached XP level 2. HP: 15/15 MP: 2/8
   560 | D:2      | Reached XP level 3. HP: 17/19 MP: 4/9
   619 | D:3      | Reached skill level 6 in Necromancy
  1125 | D:1      | Learned a level 3 spell: Vampiric Draining
  1195 | D:2      | Reached XP level 4. HP: 23/24 MP: 6/12
  1310 | D:2      | Found a faded altar of an unknown god.
  1883 | D:2      | Noticed a scorpion
  1893 | D:2      | Killed a scorpion
  1894 | D:2      | Reached skill level 5 in Spellcasting
  1894 | D:2      | Reached XP level 5. HP: 5/28 MP: 1/14
  2313 | D:4      | Reached skill level 7 in Necromancy
  2321 | D:4      | Killed from afar by an orc priest

Illustrated notes

Levels and vault maps discovered:
D:1:      dpeg_arrival_subterranean_lakeside_camping, layout_basic,
          amcnicky_mini_pool_small
D:2:      layout_loops_ring, shapermc_ecumenical_altar_ellora
D:3:      layout_basic
D:4:      layout_layer_cave, ebering_ghost_disaster_area, uniq_pikel,
          uniq_eustachio, uniq_duvessa

Skill      XL: |  1  2  3  4  5 |
---------------+----------------+-----
Necromancy     | 5 6 7 |  7.1
Spellcasting   | 4 5 |  5.0
Short Blades   | |  0.1
Dodging        | |  2.5
Stealth        | |  2.6

Action                   |  1- 3 |  4- 6 || total
-------------------------+-------+-------++-------
Melee: Dagger            |       |    16 ||    16
 Cast: Necrotise         |    68 |    42 ||   110
Armor: Robe              |     4 |     1 ||     5
Dodge: Dodged            |    10 |     5 ||    15
